 Dungeon Crawl Stone Soup version 0.25.0-8-gfd19cd77bd (webtiles) character file.

Game seed: 5413475456939820717

480 Acheron the Charmwright (level 6, -7/46 HPs)
             Began as a Vampire Skald on June 16, 2020.
             Was a Follower of Okawaru.
             Mangled by an orc warrior
             ... wielding a +0 war axe
              (13 damage)
             ... on level 6 of the Dungeon.
             The game lasted 00:44:43 (3545 turns).

Acheron the Charmwright (Vampire Skald)             Turns: 3545, Time: 00:44:44

Health: -7/46      AC:  3    Str:  7 (10) XL:     6   Next: 86%
Magic:  9/9        EV: 14    Int: 13 (15) God:    Okawaru [*.....]
Gold:   168        SH:  0    Dex: 15 (16) Spells: 2/10 levels left

rFire    . . .     SeeInvis +   a - +1 short sword
rCold    . . .     Gourm    .   (no shield)
rNeg     . . .     Faith    .   v - +1 robe {MR+}
rPois    .         Spirit   .   (no helmet)
rElec    .         Reflect  .   (no cloak)
rCorr    .         Harm     .   (no gloves)
MR       +....                  (no boots)
Stlth    ++........             (no amulet)
HPRegen  0.35/turn              (no ring)
MPRegen  0.11/turn              (no ring)

@: regenerating quickly
A: no food, fangs 3, see invisible, unbreathing
a: Exsanguinate, Heroism, Renounce Religion


You were on level 6 of the Dungeon.
You worshipped Okawaru.
Okawaru was aware of your devotion.
You were alive.

You visited 2 branches of the dungeon, and saw 7 of its levels.
You also visited: Ossuary.

You collected 168 gold pieces.

Inventory:

Hand Weapons
 a - a +1 short sword (weapon)
 d - a +0 halberd
 w - a +0 trident
Missiles
 c - 50 stones (quivered)
Armour
 b - a +0 leather armour
 v - a +1 robe of magic resistance (worn)
Jewellery
 i - a +6 ring of dexterity {unknown}
 k - an uncursed ring of poison resistance {unknown}
Wands
 h - a wand of enslavement (5)
Scrolls
 l - a scroll of teleportation
 o - 2 scrolls of immolation
 p - a scroll of fear {unknown}
 t - a scroll of magic mapping {unknown}
Potions
 e - 2 potions of brilliance
 g - a potion of cancellation {unknown}
 m - a potion of lignification
 n - 6 potions of degeneration
 q - a potion of curing {unknown}
 r - 2 potions of haste {unknown}
 s - a potion of mutation {unknown}
 u - a potion of ambrosia {unknown}
Comestibles
 f - a ration


   Skills:
 * Level 2.5 Fighting
 * Level 3.5 Short Blades
 * Level 0.7 Throwing
 * Level 2.2 Armour
 * Level 3.8 Dodging
 * Level 2.5 Stealth
 * Level 2.5 Spellcasting
 * Level 0.9 Hexes
 + Level 4.1 Charms
 * Level 1.3 Translocations
 * Level 0.9 Invocations
 * Level 1.3 Evocations


You had 2 spell levels left.
You knew the following spells:

 Your Spells              Type           Power        Failure   Level  Hunger
a - Infusion              Chrm           ##..         4%          1    N/A
b - Shroud of Golubria    Chrm/Tloc      #.....       12%         2    N/A
c - Song of Slaying       Chrm           ##......     7%          2    N/A
d - Spectral Weapon       Hex/Chrm       #.......     26%         3    N/A

Your spell library contained the following spells:

 Spells                   Type           Power        Failure   Level  Hunger
 Ozocubu's Armour         Chrm/Ice       #.......     30%         3    N/A

Dungeon Overview and Level Annotations

Branches:
Dungeon (6/15)             Temple (1/1) D:5         Ossuary (visited)

Altars:
Ashenzari
Cheibriados
Dithmenos
Fedhas
Gozag
Hepliaklqana
Kikubaaqudgha
Makhleb
Nemelex Xobeh
Okawaru
Qazlal
Ru
Sif Muna
Trog
Uskayaw
Vehumet
Xom
Yredelemnul
Zin
The Shining One

Shops:
D:5 [


Innate Abilities, Weirdness & Mutations

You do not eat.
Your natural rate of healing is unusually fast.
You have razor-sharp teeth.
You have supernaturally acute eyesight. (SInv)
You can survive without breathing.


Message History

You closely miss the orc priest.
You bite the orc priest, but do no damage.
The orc priest is moderately wounded.
The orc warrior completely misses you. The orc priest closely misses you.
You hit the orc priest but do no damage.
You bite the orc priest, but do no damage.
The orc priest is moderately wounded.
The orc warrior zaps a wand.
You resist with some effort. The orc priest misses you.
You completely miss the orc priest.
The orc priest is moderately wounded.
The orc warrior hits you with a +0 war axe!!
The orc priest hits you with a +0 war axe!
* * * LOW HITPOINT WARNING * * *
Okay, then.
It was a potion of degeneration.
There was something very wrong with that liquid.
You feel weakened.
You feel dopey.
You feel clumsy.
The orc warrior hits you with a +0 war axe!
You die...

####### #....<# #.###.#
#.# ### # ...
.....########
......o@oo.!######
....######........ .
...#......... . #.
#####.#......... ..##.
##..†o.o......... ...
#...#.###........
#.##.###.# #........
#.###........###........
#.'.....†...............


You could see an orc warrior, an orc priest and an orc wizard (invisible).

Vanquished Creatures
  A sky beast (D:5)
  Blork the orc (D:6)
  A bullfrog (D:4)
  A wight (D:6)
  2 centaur zombies (Ossuary)
  A worker ant (Temple)
  A big kobold zombie (Ossuary)
  5 adders
  2 gnolls (D:6)
  An ooze (D:4)
  A worm (D:4)
  2 dart slugs
  An orc (D:6)
  2 gnoll zombies (Ossuary)
  3 hobgoblins
  3 jackals (D:6)
  2 kobolds
  A quokka (D:2)
  2 ball pythons
  2 bats
  3 frilled lizards
  2 goblins (D:1)
  A jackal skeleton (D:4)
  A kobold zombie (Ossuary)
  A quokka zombie (D:5)
  6 rats
  A spectral orc (D:4)
50 creatures vanquished.

Vanquished Creatures (collateral kills)
  A jackal (Temple)
1 creature vanquished.

Vanquished Creatures (others)
  A centaur zombie (Ossuary)
  A human zombie (Ossuary)
2 creatures vanquished.

Grand Total: 53 creatures vanquished

Notes
Turn   | Place    | Note
-------+----------+-------------------------------------------
     0 | D:1      | Acheron the Vampire Skald began the quest for the Orb.
     0 | D:1      | Reached XP level 1. HP: 16/16 MP: 3/3
   310 | D:1      | Reached XP level 2. HP: 21/22 MP: 5/5
   405 | D:3      | Learned a level 2 spell: Shroud of Golubria
   408 | D:3      | Learned a level 2 spell: Song of Slaying
   416 | D:4      | Noticed an ogre
   723 | D:2      | Found a hazy altar of Hepliaklqana.
   760 | D:2      | Reached skill level 1 in Armour
   760 | D:2      | Reached XP level 3. HP: 6/27 MP: 6/6
  1038 | D:5      | Entered Level 5 of the Dungeon
  1038 | D:5      | Found a staircase to the Ecumenical Temple.
  1038 | D:5      | Noticed a sky beast
  1046 | D:5      | Noticed a centaur
  1049 | Temple   | Entered the Ecumenical Temple
  1079 | Temple   | Became a worshipper of Warmaster Okawaru
  1111 | Temple   | Reached skill level 1 in Stealth
  1254 | D:5      | Reached XP level 4. HP: 23/33 MP: 7/7
  1340 | D:5      | Found a sand-covered staircase.
  1346 | Ossuary  | Entered an ossuary
  1648 | Ossuary  | Reached XP level 5. HP: 14/38 MP: 8/8
  1829 | D:5      | Found Xerph's Antique Armour Shoppe.
  1926 | D:4      | Reached * piety under Okawaru
  1926 | D:4      | Reached skill level 1 in Translocations
  2577 | D:6      | Reached skill level 4 in Charms
  2577 | D:6      | Reached skill level 1 in Evocations
  2577 | D:6      | Reached XP level 6. HP: 16/45 MP: 7/9
  2589 | D:6      | Noticed an orc warrior
  2729 | D:3      | Learned a level 3 spell: Spectral Weapon
  2809 | D:4      | Found a basalt altar of Yredelemnul.
  2866 | D:5      | Killed a sky beast
  3270 | D:6      | Noticed Blork the orc
  3299 | D:6      | Killed Blork the orc
  3372 | D:6      | Noticed a sky beast
  3545 | D:6      | Mangled by an orc warrior

Illustrated notes

Levels and vault maps discovered:
D:1:      minmay_arrival_nine_rooms, layout_basic
D:2:      wad_river_or_something, layout_basic,
          gammafunk_temple_overflow_statue, nicolae_overflow_hidden_temple
D:3:      layout_basic
D:4:      layout_rooms, yredelemnul_forgotten_temple_becter, moated_statue,
          minmay_misc_feat_pillars
D:5:      layout_rooms, minmay_temple_entry_steel_oval, serial_shops,
          kennysheep_little_box, first_ration, enter_ossuary_2,
          chequers_serial_rivers_small_a, nicolae_qazlal_eye_of_the_storm
D:6:      layout_basic, chei_slow_surprise, uniq_blork_the_orc
Temple:   regret_index_temple_mists

Skill      XL: |  1  2  3  4  5  6 |
---------------+-------------------+-----
Fighting       | 2 |  2.5
Armour         | 1 2 |  2.2
Stealth        | 1 2 |  2.5
Dodging        | 3 |  3.8
Translocations | 1 |  1.3
Short Blades   | 3 |  3.5
Charms         | 4 |  4.1
Evocations     | 1 |  1.3
Throwing       | |  0.7
Spellcasting   | |  2.5
Hexes          | |  0.9
Invocations    | |  0.9

Action                   |  1- 3 |  4- 6 || total
-------------------------+-------+-------++-------
Melee: Short sword       |   102 |   170 ||   272
       Bite              |     9 |    26 ||    35
       Trident           |       |     5 ||     5
       Punch             |       |     2 ||     2
Throw: Stone             |     2 |    11 ||    13
 Cast: Shroud of Golubri |       |     1 ||     1
       Song of Slaying   |       |     1 ||     1
Invok: Heroism           |       |     5 ||     5
Evoke: Wand              |     1 |     3 ||     4
  Use: Scroll            |     7 |     5 ||    12
       Potion            |       |     1 ||     1
 Stab: Sleeping          |       |     1 ||     1
       Distracted        |       |     1 ||     1
Armor: Leather armour    |    14 |    13 ||    27
       Robe              |       |     6 ||     6
Dodge: Dodged            |    54 |   106 ||   160
